cohdb
Replays
Latest Replays
All Replays
Popular Replays
Top Player Replays
Match Explorer
How It Works
Community
CoH3 Stats
Reddit
Sign in to upload your games and track your stats! →
Sign in with Steam
Match 41322535
Unlisted
Match 41322535
Overview
Messages
Build Orders
End
Construct Weapon Support Center
Engineer Squad
M1919 Machine Gun Team
M1919 Machine Gun Team
Bazooka Squad
M1919 Machine Gun Team
Selects Special Operations Battlegroup
Bazooka Squad
Construct Medical Station
Improved M9 Bazooka Rockets
Bazooka Squad
Selects Raiding Flares
Selects SSF Commando Squad
SSF Commando Squad
Selects Assault Operation
Mechanized Support Center
SSF Commando Squad
Engineer Squad
Construct Tank Depot
Selects M29 Weasel with M1 Pack Howitzer
Selects P-47 Anti-Infantry Loiter
Selects UNKNOWN (2162291)
M4A1 Sherman Medium Tank
Designate Forward Repair Station
P-47 Anti-Infantry Loiter
M4A1 Sherman Medium Tank
Improvised Armor
ConcernedApe
IRAN™
deadsadbadmad
Zapata
0
0
Comments
sign in to comment!
No comments posted yet!